 Dungeon Crawl Stone Soup version 0.23-a0-449-g8e4cbf7 (webtiles) character file.

13325 MisterFreud the Carver (level 12, 0/88 HPs)
             Began as a Naga Fire Elementalist on Nov 21, 2018.
             Was a High Priest of Cheibriados.
             Slain by a seven-headed hydra (2 damage)
             ... on level 3 of the Lair of Beasts.
             The game lasted 00:47:15 (11889 turns).

MisterFreud the Carver (Naga Fire Elementalist)    Turns: 11889, Time: 00:47:15

Health: 0/88       AC: 14    Str: 23    XL:     12   Next: 4%
Magic:  17/18      EV: 18    Int: 33    God:    Cheibriados [*****.]
Gold:   551        SH:  0    Dex: 28    Spells: 3/19 levels left

rFire    . . .     SeeInvis +   G - +9 rapier of Responsibility {drain, Dex+2}
rCold    . . .     Gourm    .   (no shield)
rNeg     . . .     Faith    .   a - +0 robe
rPois    +         Spirit   .   (no helmet)
rElec    .         Reflect  .   (no cloak)
rCorr    .         Harm     .   w - +1 pair of gloves
MR       +....                  (no barding)
Stlth    ++++......             e - amulet of magic regeneration
HPRegen  0.24/turn              u - +3 ring of dexterity
MPRegen  0.41/turn              I - +3 ring of slaying

@: icy armour, very slow
A: large, see invisible, deformed body, poison resistance, slowness 2, slow
metabolism 1, spit poison 1, AC +4
a: Spit Poison, Bend Time, Temporal Distortion, Slouch, Step From Time, Renounce
Religion


You were on level 3 of the Lair of Beasts.
You worshipped Cheibriados.
Cheibriados was extremely pleased with you.
You were not hungry.

You visited 3 branches of the dungeon, and saw 12 of its levels.
You also visited: Sewer.

You collected 551 gold pieces.

Inventory:

Hand Weapons
 G - the +9 rapier of Responsibility (weapon) {drain, Dex+2}
   (You found it on level 1 of the Lair of Beasts)

   A truly terrible weapon, it drains the life of those it strikes.
   It affects your dexterity (+2).
 M - a cursed +3 great sword of freezing
 N - a +4 falchion
Missiles
 o - 2 throwing nets
 p - 189 arrows
 q - 219 stones (quivered)
 r - 165 sling bullets
 s - 24 poisoned needles
 v - 63 bolts
 z - a tomahawk of returning
 J - 3 needles of sleeping
 K - 7 tomahawks
 Q - 7 needles of frenzy
Armour
 a - a +0 robe (worn)
 w - a +1 pair of gloves (worn)
 B - a +2 leather armour of fire resistance
Jewellery
 e - an amulet of magic regeneration (around neck)
 u - a +3 ring of dexterity (left hand)
 A - an uncursed ring of positive energy
 I - a +3 ring of slaying (right hand)
Wands
 f - a wand of paralysis (12)
 y - a wand of enslavement (8)
 O - a wand of disintegration (12)
 P - a wand of clouds (2)
Scrolls
 d - a scroll of immolation
 g - 4 scrolls of remove curse
 k - 3 scrolls of enchant weapon
 t - 2 scrolls of amnesia
 x - a scroll of silence
 D - a scroll of enchant armour
 F - 2 scrolls of teleportation
 H - 3 scrolls of magic mapping
Potions
 h - 7 potions of curing
 i - a potion of ambrosia
 l - 4 potions of flight
 m - 3 potions of agility
 n - 3 potions of mutation
 C - 3 potions of might
 E - 4 potions of magic
 L - a potion of cancellation
Comestibles
 c - 16 rations


   Skills:
 + Level 8.2 Long Blades
 - Level 8.1 Dodging
 - Level 5.0 Stealth
 - Level 4.1 Spellcasting
 - Level 8.0 Conjurations
 - Level 4.0 Charms
 - Level 8.0 Fire Magic
 - Level 4.0 Ice Magic
 - Level 6.1 Invocations


You had 3 spell levels left.
You knew the following spells:

 Your Spells              Type           Power        Failure   Level  Hunger
a - Flame Tongue          Conj/Fire      #####        1%          1    None
b - Conjure Flame         Conj/Fire      ######..     1%          3    #......
c - Sticky Flame          Conj/Fire      ######..     1%          4    ###....
d - Ozocubu's Armour      Chrm/Ice       ####....     3%          3    #......
e - Fireball              Conj/Fire      ######....   5%          5    #####..

Your spell library contained the following spells:

 Spells                   Type           Power        Failure   Level  Hunger
 Freeze                   Ice            ####         1%          1    None
 Magic Dart               Conj           ####         1%          1    None
 Searing Ray              Conj           ######       1%          2    None
 Throw Flame              Conj/Fire      ######       1%          2    None
 Throw Frost              Conj/Ice       #####.       1%          2    None
 Dazzling Spray           Conj/Hex       ####..       3%          3    #......
 Inner Flame              Hex/Fire       ####....     3%          3    #......
 Iskenderun's Mystic Bla  Conj           ######..     1%          4    ###....
 Throw Icicle             Conj/Ice       #####...     4%          4    ###....
 Force Lance              Conj/Tloc      ####....     10%         4    ###....
 Fulminant Prism          Conj/Hex       ####......   10%         4    ###....
 Summon Ice Beast         Ice/Summ       ###.....     22%         4    ###....


Dungeon Overview and Level Annotations

Branches:
Dungeon (8/15)             Temple (1/1) D:5            Lair (3/6) D:8
  Snake (0/4) Lair:3
  Swamp: Lair:2-4    Shoals: Lair:2-4

Altars:
Ashenzari
Cheibriados
Dithmenos
Fedhas
Kikubaaqudgha
Nemelex Xobeh
Sif Muna
Uskayaw
Wu Jian
Xom
Yredelemnul

Annotations:
D:3 3 runed doors, Azzok's ghost, amateur DsFE; Ijyb


Innate Abilities, Weirdness & Mutations

You cannot wear boots.
Your serpentine skin is tough. (AC +4)
You have supernaturally acute eyesight. (SInv)
Armour fits poorly on your strangely shaped body.
Your system is resistant to poisons. (rPois)
You cover ground very slowly.
You have a slow metabolism.
You can spit poison.


Message History

The seven-headed hydra barely misses you.
The black bear misses you. The black bear closely misses you.
The black bear barely misses you.
Press: ? - help, v - describe, . - travel
Here: a seven-headed hydra (poison gas, severely wounded)
The floor.
Unknown command.
Evoke which item? (* to show all) (? for menu, Esc to quit)
Okay, then.
Unknown command.
Evoke which item? (* to show all) (? for menu, Esc to quit)
Aiming: Paralyse
Press: ? - help, Shift-Dir - straight line, f/p - seven-headed hydra
Aim: a seven-headed hydra (poison gas, severely wounded, chance to defeat MR: The seven-headed hydra resists with almost no effort.
The seven-headed hydra misses you. x2; The seven-headed hydra bites you.
* * * LOW HITPOINT WARNING * * *
The seven-headed hydra closely misses you. x2
The seven-headed hydra bites you.
You die...

....###### # ####..
###.#..... #..#.......
##### ....%....... ....
#...####............
..#.###.!.#.....#P......#.
.[....#...#..§..........#D
....P#....h§§§............
.........@D§§§..#.......#.
...........§§§.......##.#.
.............§....... . ..
...#.#.......#... #. .. .
# ####.#...... . #.
...#...P. .. .. ..P.......
.........#. ###P#...#...


You could see a seven-headed hydra and a black bear.

Vanquished Creatures
  3 death yaks
  A spiny frog (Lair:1)
  5 komodo dragons
  3 hippogriffs
  3 hogs (D:7)
  14 yaks
  2 wyverns
  A human (D:7)
  Menkaure (D:4)
  A naga (Lair:3)
  3 water moccasins
  9 porcupines
  A black bear (Lair:2)
  2 sky beasts
  An orc warrior (D:7)
  An ice beast (D:5)
  3 ogres
  A phantom (D:8)
  12 wolves
  3 crocodiles
  2 centaurs
  A big kobold (D:7)
  13 bullfrogs
  A scorpion (D:4)
  3 killer bees (D:8)
  9 wights
  2 crimson imps
  2 centaur zombies
  6 bullfrog skeletons
  A bullfrog zombie (D:8)
  6 hounds
  3 jellies
  2 orc priests
  3 orc wizards
  A centaur skeleton (D:4)
  3 iguanas
  A hell rat (D:8)
  12 worker ants
  A hound zombie (D:7)
  A hound skeleton (D:7)
  4 gnolls (D:7)
  9 adders
  8 river rats
  2 shadow imps
  2 oozes (Sewer)
  2 adder skeletons
  2 worms
  8 leopard geckos
  25 orcs
  17 ball pythons
  8 giant cockroaches
  6 goblins
  5 hobgoblins
  8 jackals
  4 quokkas
  6 bats
  6 frilled lizards
  9 kobolds
  A leopard gecko skeleton (D:4)
  A quokka skeleton (D:5)
  A quokka zombie (D:6)
  27 rats
304 creatures vanquished.

Vanquished Creatures (others)
  3 fungi
  A plant (Lair:3)
4 creatures vanquished.

Grand Total: 308 creatures vanquished

Notes
Turn   | Place    | Note
-------+----------+-------------------------------------------
     0 | D:1      | MisterFreud the Naga Fire Elementalist began the quest for
                  | the Orb.
     0 | D:1      | Reached XP level 1. HP: 15/15 MP: 3/3
   275 | D:1      | Reached XP level 2. HP: 22/22 MP: 5/5
   955 | D:2      | Reached skill level 5 in Stealth
   984 | D:2      | Reached XP level 3. HP: 27/28 MP: 3/6
  1919 | D:3      | Reached XP level 4. HP: 32/36 MP: 5/7
  2122 | D:3      | Noticed Ijyb
  2176 | D:4      | Learned a level 3 spell: Conjure Flame
  2202 | D:4      | Reached XP level 5. HP: 37/42 MP: 6/8
  2213 | D:4      | Learned a level 4 spell: Sticky Flame
  2350 | D:4      | Noticed Menkaure
  2539 | D:4      | Killed Menkaure
  2539 | D:4      | Reached XP level 6. HP: 29/49 MP: 4/9
  3143 | D:3      | Found a runed gate.
  3143 | D:3      | Found a runed gate.
  3143 | D:3      | Found a runed gate.
  3149 | D:3      | Noticed Azzok's ghost (amateur DsFE)
  3404 | D:4      | Reached skill level 5 in Conjurations
  3404 | D:4      | Reached skill level 5 in Fire Magic
  3580 | D:4      | Reached XP level 7. HP: 51/55 MP: 8/10
  4454 | D:5      | Entered Level 5 of the Dungeon
  4458 | D:5      | Found a staircase to the Ecumenical Temple.
  4480 | Temple   | Entered the Ecumenical Temple
  4492 | Temple   | Became a worshipper of Cheibriados the Contemplative
  4510 | D:5      | Learned a level 3 spell: Ozocubu's Armour
  4781 | D:5      | Reached skill level 1 in Charms
  4781 | D:5      | Reached skill level 1 in Ice Magic
  5030 | D:5      | Reached XP level 8. HP: 56/62 MP: 14/14
  5442 | D:6      | Found a glowing drain.
  5456 | D:6      | Reached * piety under Cheibriados
  5474 | Sewer    | Entered a sewer
  5653 | Sewer    | Reached ** piety under Cheibriados
  6165 | Sewer    | Reached *** piety under Cheibriados
  6709 | D:6      | Reached **** piety under Cheibriados
  6776 | D:6      | Found an ancient bone altar of Kikubaaqudgha.
  6795 | D:6      | Reached XP level 9. HP: 68/68 MP: 15/15
  6848 | D:6      | Reached skill level 1 in Invocations
  7250 | D:7      | Reached skill level 5 in Dodging
  7263 | D:7      | Reached skill level 5 in Invocations
  7375 | D:7      | Reached ***** piety under Cheibriados
  7643 | D:7      | Learned a level 5 spell: Fireball
  7973 | D:7      | Reached XP level 10. HP: 54/75 MP: 12/16
  8419 | D:8      | Noticed a death yak
  8784 | D:8      | Noticed a death yak
  8784 | D:8      | Noticed a death yak
  8794 | D:8      | Killed a death yak
  8794 | D:8      | Reached skill level 1 in Long Blades
  8800 | D:8      | HP: 3/75 [death yak (5)]
  8805 | D:8      | HP: 1/75 [death yak (11)]
  9158 | D:7      | Killed a death yak
  9416 | D:8      | Killed a death yak
  9416 | D:8      | Reached XP level 11. HP: 64/81 MP: 8/17
  9462 | D:8      | Found a staircase to the Lair.
  9599 | Lair:1   | Entered Level 1 of the Lair of Beasts
 10406 | Lair:1   | Got a fine rapier
 10407 | Lair:1   | Identified the +9 rapier of Responsibility {drain, Dex+2}
                  | (You found it on level 1 of the Lair of Beasts)
 10969 | Lair:2   | Reached skill level 5 in Long Blades
 11629 | Lair:3   | Found a staircase to the Snake Pit.
 11687 | Lair:3   | Reached XP level 12. HP: 54/88 MP: 6/18
 11868 | Lair:3   | Noticed a seven-headed hydra
 11885 | Lair:3   | HP: 2/88 [seven-headed hydra (12)]
 11889 | Lair:3   | Slain by a seven-headed hydra

Vault maps used:
D:1:      minmay_arrival_four_houses, serial_glass, glass_columns_c,
          glass_columns_b
D:2:      first_ration
D:3:      cheibrodos_pilgrimage, ebering_ghost_rock_garden, uniq_ijyb
D:4:      uniq_menkaure
D:5:      minmay_temple_entry_offerings, amethyst_killhole
D:6:      kiku_gazebo_pond_becter, portal_sewer_entry_f
D:7:      grunt_livestock
D:8:      dpeg_lair_monsters
Temple:   nicolae_temple_the_god_donut
Lair:3:   beast_lair_carwin_large_4, guppyfry_snake_entry_island
Sewer:    sewer_minmay_w

Skill      XL: |  1  2  3  4  5  6  7  8  9 10 11 12 |
---------------+-------------------------------------+-----
Stealth        | 4 5 |  5.0
Conjurations   | 2 3 4 5 6 8 |  8.0
Fire Magic     | 4 5 6 8 |  8.0
Spellcasting   | 4 |  4.1
Charms         | 2 4 |  4.0
Ice Magic      | 2 4 |  4.0
Dodging        | 4 6 8 |  8.1
Invocations    | 6 |  6.1
Long Blades    | 2 7 8 |  8.2

Action                   |  1- 3 |  4- 6 |  7- 9 | 10-12 || total
-------------------------+-------+-------+-------+-------++-------
Melee: Dagger            |    19 |    23 |       |       ||    42
       Unarmed           |     1 |       |       |       ||     1
       Hand axe          |    12 |     3 |       |       ||    15
       Rapier            |       |    10 |   175 |    52 ||   237
       Falchion          |       |       |    80 |    97 ||   177
Throw: Stone             |       |       |       |    12 ||    12
       Tomahawk          |       |       |       |     2 ||     2
 Cast: Flame Tongue      |    26 |    42 |    53 |     9 ||   130
       Sticky Flame      |       |     2 |    44 |    76 ||   122
       Ozocubu's Armour  |       |       |     4 |    27 ||    31
Invok: Slouch            |       |       |       |     4 ||     4
       Temporal Distorti |       |       |       |     2 ||     2
 Abil: Spit Poison       |    19 |    26 |    32 |     5 ||    82
Evoke: Wand              |       |       |       |     9 ||     9
  Use: Potion            |       |     1 |     3 |     4 ||     8
       Scroll            |       |     4 |    15 |     8 ||    27
 Stab: Sleeping          |    10 |     8 |     8 |     1 ||    27
       Distracted        |       |       |     1 |     1 ||     2
  Eat: Chunk             |     4 |     6 |    19 |    17 ||    46
       Ration            |       |       |       |     1 ||     1
Armor: Robe              |    10 |    16 |   146 |    62 ||   234
Dodge: Dodged            |    31 |    41 |   290 |   211 ||   573
       Rpst.: Falchion   |       |       |    23 |    50 ||    73

Table legend:
 A = Non-vault XP
 B = Vault XP
 C = Vault XP percentage of total XP
 D = Non-vault monster count
 E = Vault monster count
 F = Vault count percentage of total count
                 A         B        C        D         E       F
            +---------+---------+-------+---------+---------+-------
      Total |   14188 |    4849 |  25.5 |     229 |      75 |  24.7
            +---------+---------+-------+---------+---------+-------
        D:1 |      24 |       0 |   0.0 |      16 |       0 |   0.0
        D:2 |      47 |       0 |   0.0 |      16 |       0 |   0.0
        D:3 |      71 |      53 |  42.7 |      29 |       5 |  14.7
        D:4 |     442 |     183 |  29.3 |      19 |       1 |   5.0
        D:5 |     464 |       0 |   0.0 |      13 |       0 |   0.0
        D:6 |     916 |      12 |   1.3 |      30 |       5 |  14.3
        D:7 |    1456 |    1901 |  56.6 |      28 |       6 |  17.6
        D:8 |    1895 |    2170 |  53.4 |      29 |       9 |  23.7
     Lair:1 |    2767 |       0 |   0.0 |      16 |       0 |   0.0
     Lair:2 |    3324 |       0 |   0.0 |      18 |       0 |   0.0
     Lair:3 |    2782 |     160 |   5.4 |      15 |       1 |   6.2
      Sewer |       0 |     370 | 100.0 |       0 |      48 | 100.0
            +---------+---------+-------+---------+---------+-------
